 Dungeon Crawl Stone Soup version 0.19.0-16-g73b5abf (console) character file.

908 Gottschkopf the Fighter (level 7, 0/70 HPs)
             Began as a Minotaur Fighter on Nov 11, 2016.
             Was a Follower of Qazlal.
             Slain by Frenchkiss's ghost (13 damage)
             ... on level 5 of the Dungeon.
             The game lasted 00:10:12 (3158 turns).

Gottschkopf the Fighter (Minotaur Fighter)          Turns: 3158, Time: 00:10:12

Health: 0/70       AC:  7    Str: 23    XL:     7   Next: 81%
Magic:  0/6        EV:  7    Int:  5    God:    Qazlal [*.....]
Gold:   197        SH: 12    Dex:  9    Spells: 0 memorised, 6 levels left

rFire  + . .     SeeInvis .     a - +0 long sword
rCold  . . .     Gourm    .     b - +0 scale mail
rNeg   . . .     Faith    .     c - +1 shield
rPois  .         Spirit   +     (helmet restricted)
rElec  .         Reflect  .     (no cloak)
rCorr  .         Harm     .     (no gloves)
MR     +....                    (no boots)
Stlth  ..........               m - amulet of guardian spirit
                                s - ring of protection from magic
                                q - ring of protection from fire

@: no status effects
A: retaliatory headbutt, horns 2
a: Renounce Religion


You were on level 5 of the Dungeon.
You worshipped Qazlal.
Qazlal was aware of your devotion.
You were not hungry.

You visited 2 branches of the dungeon, and saw 6 of its levels.
You also visited: Sewer.

You collected 197 gold pieces.

Inventory:

Hand Weapons
 a - a +0 long sword (weapon)
 u - a +0 blowgun
 y - a +0 blowgun
Missiles
 n - 5 needles of confusion
 w - 48 poisoned needles
Armour
 b - a +0 scale mail (worn)
 c - a +1 shield (worn)
Jewellery
 m - an amulet of guardian spirit (around neck)
 q - a ring of protection from fire (left hand)
 s - a ring of protection from magic (right hand)
 v - an uncursed ring of resist corrosion
Wands
 B - a wand of flame (23/48)
Scrolls
 e - 2 scrolls of teleportation
 k - a scroll of immolation
 C - a scroll of amnesia
Potions
 d - 3 potions of might
 g - a potion of flight {unknown}
 h - 2 potions of haste
 i - 2 potions of lignification
 l - a potion of mutation {unknown}
 o - 5 potions of heal wounds
 r - 2 potions of ambrosia {unknown}
 x - 3 potions of curing {unknown}
 A - 3 potions of agility {unknown}
Comestibles
 f - 3 bread rations
 j - a meat ration
 p - a chunk of flesh
 t - 8 fruits
 z - a beef jerky


   Skills:
 - Level 9.0 Fighting
 - Level 7.1 Long Blades
 + Level 4.0 Armour
 - Level 3.6 Shields


You had 6 spell levels left.
You didn't know any spells.

Dungeon Overview and Level Annotations

Branches:
Dungeon (5/15)             Temple (1/1) D:4

Altars:
Dithmenos
Qazlal
Vehumet
Yredelemnul

Annotations:
D:5 Frenchkiss's ghost, amateur TrTm


Innate Abilities, Weirdness & Mutations

You reflexively headbutt those who attack you in melee.
You have a pair of horns on your head.


Message History

Frenchkiss's ghost hits you but does no damage.
Your shield and scale mail prevent you from hitting Frenchkiss's ghost.
Frenchkiss's ghost is severely damaged.
You block Frenchkiss's ghost's attack.
You barely miss Frenchkiss's ghost.
Frenchkiss's ghost is severely damaged.
You block Frenchkiss's ghost's attack.
You hit Frenchkiss's ghost but do no damage.
Frenchkiss's ghost is severely damaged.
Frenchkiss's ghost hits you!
* * * LOW HITPOINT WARNING * * *
You are too injured to fight recklessly!
You closely miss Frenchkiss's ghost.
Your headbutt misses Frenchkiss's ghost.
Frenchkiss's ghost is severely damaged.
Frenchkiss's ghost hits you but does no damage.
You closely miss Frenchkiss's ghost.
Frenchkiss's ghost is severely damaged.
Frenchkiss's ghost hits you!
You die...

#.....##..## ##.#
#..###.###..###.#
..#..
#.####.....###
.... #..#
##..#...## ...#
#..# #.###...# ##
... #..###..#
###.. #.. #.##
##...##..# ##.
....
#..###.......##
#. ..!..
#..@..#####..# #.
......#.W§###
#...#####.
.........##
#.........
#........#
#...<...÷.
##........#
#...##...#
##.......# #...
#..## #........
#.......#
#!.........
.........#
.............
.##.......#


You could see Frenchkiss's ghost.

Vanquished Creatures
  The ghost of Gottschkopf the Skirmisher, an amateur MiFi (D:3)
  4 big kobolds (Sewer)
  A howler monkey (D:4)
  A hound (D:4)
  Jessica (D:3)
  Ijyb (D:3)
  An iguana (D:4)
  Natasha (twice) (D:3 D:5)
  2 orc wizards (D:4)
  2 worker ants (D:4)
  7 adders
  3 oozes
  An adder skeleton (D:4)
  2 worms
  5 dart slugs
  3 leopard geckos
  3 orcs (D:4)
  3 ball pythons
  11 bats
  9 giant cockroaches
  10 goblins
  4 hobgoblins
  14 kobolds
  2 quokkas
  6 frilled lizards
  9 rats
108 creatures vanquished.

Notes
Turn   | Place    | Note
-------+----------+-------------------------------------------
     0 | D:1      | Gottschkopf the Minotaur Fighter began the quest for the Orb.
     0 | D:1      | Reached XP level 1. HP: 19/19 MP: 0/0
    87 | D:1      | Reached skill level 4 in Fighting
   114 | D:1      | Reached XP level 2. HP: 28/28 MP: 1/1
   573 | D:2      | Reached skill level 5 in Fighting
   589 | D:2      | You fall through a shaft!
   602 | D:3      | Reached XP level 3. HP: 36/36 MP: 2/2
   620 | D:3      | Noticed Ijyb
   627 | D:3      | Killed Ijyb
   738 | D:3      | Noticed Natasha
   743 | D:3      | Killed Natasha
   743 | D:3      | Reached skill level 6 in Fighting
   743 | D:3      | Reached XP level 4. HP: 43/44 MP: 3/3
   753 | D:3      | Noticed Jessica
   763 | D:3      | Killed Jessica
  1139 | D:2      | Reached skill level 7 in Fighting
  1139 | D:2      | Reached XP level 5. HP: 52/52 MP: 4/4
  1591 | D:3      | Found a stormy altar of Qazlal.
  1591 | D:3      | Noticed Gottschkopf's ghost (amateur MiFi)
  1605 | D:3      | Killed Gottschkopf's ghost
  1605 | D:3      | Reached skill level 8 in Fighting
  1605 | D:3      | Reached XP level 6. HP: 25/62 MP: 1/5
  1842 | D:3      | Became a worshipper of Qazlal Stormbringer
  2133 | D:4      | Found a glowing drain.
  2141 | Sewer    | Entered a sewer
  2193 | Sewer    | Reached skill level 9 in Fighting
  2297 | Sewer    | Reached XP level 7. HP: 58/70 MP: 6/6
  2387 | Sewer    | Reached skill level 5 in Long Blades
  2393 | Sewer    | Reached * piety under Qazlal
  2492 | D:4      | Found a staircase to the Ecumenical Temple.
  2510 | Temple   | Entered the Ecumenical Temple
  2644 | D:4      | Found a radiant altar of Vehumet.
  3088 | D:5      | Entered Level 5 of the Dungeon
  3090 | D:5      | Noticed Natasha
  3096 | D:5      | Killed Natasha
  3135 | D:5      | Noticed Frenchkiss's ghost (amateur TrTm)
  3158 | D:5      | Slain by Frenchkiss's ghost

Skill      XL: |  1  2  3  4  5  6  7 |
---------------+----------------------+-----
Fighting       | 4 5 6 7 8 9 |  9.0
Long Blades    | 4 7 |  7.1
Armour         | 4 |  4.0
Shields        | |  3.6

Action                   |  1- 3 |  4- 6 |  7- 9 || total
-------------------------+-------+-------+-------++-------
Melee: Long sword        |    85 |   138 |    79 ||   302
       Headbutt          |    12 |    25 |    19 ||    56
  Use: Scroll            |       |     9 |     1 ||    10
       Potion            |       |       |     2 ||     2
  Eat: Chunk             |       |     5 |     3 ||     8
Armor: Scale mail        |    43 |    71 |    26 ||   140
Dodge: Dodged            |    27 |    45 |    25 ||    97
Block: Shield            |    29 |    92 |    54 ||   175
       Rpst.: Long sword |    11 |    16 |     5 ||    32
